 Dungeon Crawl Stone Soup version 0.31-a0-716-gc7603755dd (webtiles) character file.

Game seed: 10384128766728424062

37417 Pooter the Severer (level 13, -4/177 HPs)
             Began as a Minotaur Berserker on Sept 10, 2023.
             Was a High Priest of Trog.
             Slain by Sonja
             ... wielding a +0 short sword of distortion
              (8 damage)
             ... on level 1 of the Lair of Beasts on Sept 11, 2023.
             The game lasted 01:04:31 (9950 turns).

Pooter the Severer (Minotaur Berserker)             Turns: 9950, Time: 01:04:32

Health: -4/177     AC: 18    Str: 26    XL:     13   Next: 58%
Magic:  12/12      EV:  9    Int:  4    God:    Trog [*****.]
Gold:   893        SH:  0    Dex: 11    Spells: 12/12 levels left

rFire   . . .        a - +5 battleaxe (heavy)
rCold   + . .        (shield currently unavailable)
rNeg    . . .        C - +3 chain mail {rC+}
rPois   .            (helmet restricted)
rElec   .            M - +0 cloak
rCorr   .            (no gloves)
SInv    .            N - +0 pair of boots
Will    +++..        c - amulet of regeneration Stlth
                     e - +4 ring of protection
HPRegen 2.29/turn    i - ring of willpower
MPRegen 0.13/turn

%: no passive effects
@: berserking (expiring), lethally poisoned (-4 -> -4), strong-willed,
regenerating, slowed, studying Stealth
A: horns 2, retaliatory headbutt
a: Renounce Religion, Berserk, Trog's Hand, Brothers in Arms


You were on level 1 of the Lair of Beasts.
You worshipped Trog.
Trog was extremely pleased with you.
You visited 2 branches of the dungeon, and saw 11 of its levels.
You visited the Abyss 1 time.
You also visited: Bailey and Ice Cave.

You collected 893 gold pieces.

Inventory:

Hand Weapons
 a - a +5 heavy battleaxe (weapon)
   (Trog gifted it to you in a bailey)
 b - a +1 orcbow of draining
   (You took it off an orc warrior on level 4 of the Dungeon)
 n - a +3 heavy broad axe
   (You acquired it in a bailey)
 u - a +1 battleaxe of flaming
   (You took it off a wight on level 6 of the Dungeon)
 B - a +0 halberd
   (You took it off a gnoll on level 2 of the Dungeon)
 E - a +3 morningstar of freezing
   (You took it off a wight on level 6 of the Dungeon)
 I - a +4 dire flail of freezing
   (You took it off a wight on level 6 of the Dungeon)
Missiles
 h - 45 poisoned darts (quivered)
 q - 3 atropa-tipped darts
 r - 5 curare-tipped darts
 v - 3 javelins
 x - 2 boomerangs
 O - a throwing net {!f}
 Q - 149 stones
Armour
 w - a +0 plate armour
   (You took it off an orc warrior on level 4 of the Dungeon)
 C - a +3 chain mail of cold resistance (worn)
   (You took it off an orc on level 6 of the Dungeon)
 M - a +0 cloak (worn)
   (You took it off Maurice on level 8 of the Dungeon)
 N - a +0 pair of boots (worn)
   (You found it on level 8 of the Dungeon)
Jewellery
 c - an amulet of regeneration (around neck)
   (You found it on level 1 of the Dungeon)
 e - a +4 ring of protection (left hand)
   (You found it on level 1 of the Dungeon)
 i - a ring of willpower (right hand)
   (You found it on level 1 of the Lair of Beasts)
 l - an amulet of the acrobat
   (You found it on level 2 of the Dungeon)
Wands
 d - a wand of iceblast (3)
   (You found it in an ice cave)
 f - a wand of flame (18)
   (You found it on level 5 of the Dungeon)
 s - a wand of quicksilver (9)
   (You found it on level 3 of the Dungeon)
 D - a wand of digging (9)
   (You found it on level 7 of the Dungeon)
Scrolls
 j - 3 scrolls of vulnerability {!r}
 t - 3 scrolls of teleportation {@r4}
 y - a scroll of revelation {unknown}
 z - a scroll of fog
 A - 2 scrolls of noise {!r}
 F - 2 scrolls of fear
 J - a scroll of blinking
 K - a scroll of enchant armour
Potions
 g - 4 potions of curing {@q1}
 k - 6 potions of might
 m - 2 potions of invisibility
 o - 3 potions of haste {@q3}
 p - 9 potions of heal wounds {@q2}
 H - a potion of magic {unknown}
 P - 2 potions of attraction {!q}
 R - a potion of resistance {unknown}


   Skills:
 + Level 12.2 Fighting
 * Level 17.4 Axes
 * Level 14.8 Ranged Weapons
 - Level 2.4 Armour
 - Level 2.1 Dodging
 + Level 6.0 Stealth
 - Level 2.6 Evocations


You had 12 spell levels left.
You didn't know any spells.
Your spell library was empty.

Dungeon Overview and Level Annotations

Branches:
Dungeon (10/15) Zot: 25980  Temple (0/1) D:4            Lair (1/5) D:8 Zot: 5380
 Bailey (visited)           IceCv (visited)
    Orc: D:9-12

Altars:
Ashenzari
Cheibriados
Kikubaaqudgha
Makhleb
Vehumet
Xom
Yredelemnul

Annotations:
D:4 3 runed translucent doors, redkitty's ghost, amateur FoFi
Lair:1 Sonja


Innate Abilities, Weirdness & Mutations

You have a pair of horns on your head.
You reflexively headbutt those who attack you in melee.


Message History

You feel very sick.
Sonja throws a curare-tipped dart.
The curare-tipped dart hits you.
You are more poisoned.
You have difficulty breathing.
You feel as though you will be slow longer.
Sonja casts a spell.
Sonja blinks!
A red film seems to cover your vision as you go berserk!
You feel yourself moving faster!
You feel mighty!
You feel very sick. Sonja hits you but does no damage.
You blink.
Sonja throws a curare-tipped dart.
The curare-tipped dart hits you.
You are more poisoned.
You have difficulty breathing.
* * * LOW HITPOINT WARNING * * *
You feel as though you will be slow longer.
Unknown command.
You feel a strong urge to attack something.
You feel very sick.
You feel very sick. Sonja hits you but does no damage.
Space warps horribly around you!!
* * * LOW HITPOINT WARNING * * *
Sonja closely misses you.
Sonja hits you with a +0 short sword of distortion.
* * * LOW HITPOINT WARNING * * *
Space warps around you.
* * * LOW HITPOINT WARNING * * *
You closely miss Sonja.
You feel very sick.
Sonja hits you but does no damage. x2; Space warps around you.
* * * LOW HITPOINT WARNING * * *
Sonja completely misses you.
Sonja hits you with a +0 short sword of distortion.
* * * LOW HITPOINT WARNING * * *
Space warps around you.
* * * LOW HITPOINT WARNING * * *
Sonja barely misses you. Sonja misses you.
You closely miss Sonja.
You feel very sick. Sonja closely misses you. You furiously retaliate!
You headbutt Sonja. Sonja hits you but does no damage. Space warps around you.
* * * LOW HITPOINT WARNING * * *
Sonja hits you but does no damage. Space warps horribly around you!!
* * * LOW HITPOINT WARNING * * *
Sonja hits you with a +0 short sword of distortion.
* * * LOW HITPOINT WARNING * * *
Space warps horribly around you!
You die...

## ###### P# ##....# ##
.....# .. # #....# #..
###### ### #....# #...
.....# ###.####....##.#..
.....# #.................
.....# ##.....>..........
.....## #.......@K.......
......# #................
.....P###................
###.).
..............###########
..... ...............#
#.... ..............##
#.... ..............#
#.... ##.#P....#.####
#.... #####....### #....


You could see Sonja.

Vanquished Creatures
  A tentacled starspawn (Abyss:2)
  A caustic shrike zombie (Abyss:2)
  2 vault guards (Bailey)
  A storm dragon zombie (Abyss:2)
  A sixfirhy (Abyss:2)
  2 ugly things
  A black mamba (Lair:1)
  Maurice (D:8)
  3 ice statues (IceCv)
  A smoke demon (Abyss:2)
  A cane toad (Lair:1)
  A freezing wraith (IceCv)
  2 kobold demonologists (D:9)
  A komodo dragon (Lair:1)
  An anaconda simulacrum (IceCv)
  An efreet (Abyss:2)
  A raiju (Abyss:2)
  Grinder (D:4)
  Prince Ribbit (Bailey)
  3 blink frogs (Lair:1)
  3 large abominations (Abyss:2)
  A dire elephant simulacrum (IceCv)
  32 yaks
  2 basilisks (Lair:1)
  5 humans (Bailey)
  2 wyverns
  A chaos spawn (Abyss:2)
  4 steam dragons
  A harpy simulacrum (IceCv)
  A hydra simulacrum (IceCv)
  2 water moccasins
  4 orc warriors
  A sky beast (D:7)
  Duvessa (D:4)
  3 ice beasts
  A black bear (D:6)
  3 small abominations (Abyss:2)
  6 ogres
  4 centaurs
  6 kobold brigands
  A phantom (D:4)
  16 bullfrogs
  Blork the orc (D:4)
  A naga simulacrum (Abyss:2)
  5 scorpions
  3 gnoll sergeants
  25 wights
  Dowan (D:4)
  5 killer bees (D:8)
  2 elephant simulacra (IceCv)
  3 howler monkeys
  A crimson imp (D:4)
  3 hounds
  A quasit (Abyss:2)
  3 gnoll boudas
  5 orc priests
  3 jellies
  Natasha (thrice) (D:2)
  6 orc wizards
  Terence (D:3)
  A sleepcap (D:6)
  2 iguanas
  2 polar bear simulacra (IceCv)
  Robin (D:2)
  4 adders
  27 gnolls
  A white imp (D:6)
  6 worms
  6 dart slugs
  37 orcs
  7 bats
  15 endoplasms
  5 giant cockroaches
  17 goblins
  7 hobgoblins
  5 quokkas
  7 ball pythons
  5 frilled lizards
  34 kobolds
  4 rats
  A starspawn tentacle (Abyss:2)
393 creatures vanquished.

Vanquished Creatures (collateral kills)
  An orc wizard (D:10)
  A gnoll (D:10)
  2 orcs (D:10)
4 creatures vanquished.

Vanquished Creatures (others)
  Eustachio (D:8)
  2 orc wizards (D:7)
  An orc (D:7)
  A starspawn tentacle (Abyss:2)
5 creatures vanquished.

Grand Total: 402 creatures vanquished

Notes
Turn   | Place    | Note
-------+----------+-------------------------------------------
     0 | D:1      | Pooter the Minotaur Berserker began the quest for the Orb.
     0 | D:1      | Reached XP level 1. HP: 19/19 MP: 0/0
   132 | D:1      | Reached skill level 4 in Axes
   183 | D:1      | Reached XP level 2. HP: 27/27 MP: 1/1
   613 | D:1      | Found a snail-covered altar of Cheibriados.
   655 | D:2      | Found a broken altar of Ashenzari.
   690 | D:2      | Reached XP level 3. HP: 33/33 MP: 2/2
   741 | D:2      | Reached ** piety under Trog
   779 | D:2      | Reached skill level 5 in Axes
   911 | D:2      | Noticed Natasha
   922 | D:2      | Killed Natasha
   923 | D:2      | Reached XP level 4. HP: 41/41 MP: 3/3
   946 | D:2      | Noticed Natasha
   952 | D:2      | Killed Natasha
  1068 | D:2      | Reached skill level 6 in Axes
  1072 | D:2      | Reached skill level 5 in Fighting
  1072 | D:2      | Reached XP level 5. HP: 48/48 MP: 4/4
  1084 | D:2      | Noticed Natasha
  1099 | D:2      | Killed Natasha
  1124 | D:2      | Found a faded altar of an unknown god.
  1352 | D:3      | Noticed Robin
  1352 | D:3      | Noticed an ogre
  1378 | D:2      | Killed Robin
  1380 | D:2      | Killed an ogre
  1381 | D:2      | Reached skill level 7 in Axes
  1381 | D:2      | Reached XP level 6. HP: 56/56 MP: 5/5
  1385 | D:2      | Reached *** piety under Trog
  1581 | D:3      | Reached skill level 1 in Ranged Weapons
  2166 | D:3      | Noticed Terence
  2176 | D:3      | Killed Terence
  2197 | D:3      | Reached **** piety under Trog
  2249 | D:4      | Found a staircase to the Ecumenical Temple.
  2393 | D:4      | Found a runed translucent gate.
  2393 | D:4      | Found a runed translucent gate.
  2393 | D:4      | Found a runed translucent gate.
  2394 | D:4      | Noticed redkitty's ghost (amateur FoFi)
  2426 | D:4      | Found a radiant altar of Vehumet.
  2426 | D:4      | Found a basalt altar of Yredelemnul.
  2443 | D:4      | Reached XP level 7. HP: 63/63 MP: 6/6
  2544 | D:4      | Noticed Dowan
  2544 | D:4      | Noticed Duvessa
  2544 | D:4      | Noticed Grinder
  2738 | D:4      | Killed Duvessa
  2739 | D:4      | Reached skill level 8 in Axes
  2743 | D:4      | Killed Dowan
  2806 | D:4      | Found a burning altar of Makhleb.
  2811 | D:4      | Found a shimmering altar of Xom.
  2888 | D:4      | Killed Grinder
  2965 | D:5      | Entered Level 5 of the Dungeon
  2965 | D:5      | Noticed Blork the orc
  2971 | D:4      | Killed Blork the orc
  2972 | D:4      | Reached XP level 8. HP: 71/71 MP: 7/7
  3142 | D:4      | Reached skill level 9 in Axes
  3299 | D:5      | Reached skill level 5 in Ranged Weapons
  3799 | D:6      | Reached skill level 10 in Axes
  3863 | D:6      | Reached XP level 9. HP: 69/81 MP: 8/8
  4184 | D:6      | Reached skill level 11 in Axes
  4244 | D:6      | Noticed a cyan ugly thing
  4254 | D:6      | Killed a cyan ugly thing
  4629 | D:6      | Reached skill level 12 in Axes
  4694 | D:6      | Found an ancient bone altar of Kikubaaqudgha.
  4891 | D:7      | Reached ***** piety under Trog
  4907 | D:7      | Reached XP level 10. HP: 91/91 MP: 9/9
  5572 | D:8      | Found a staircase to the Lair.
  5743 | D:8      | Found a flagged portal.
  5753 | Bailey   | Entered a bailey
  5754 | Bailey   | Identified a scroll of acquirement
  5754 | Bailey   | Acquired a +3 heavy broad axe
  5798 | Bailey   | Reached skill level 10 in Ranged Weapons
  5801 | Bailey   | Reached skill level 13 in Axes
  5928 | Bailey   | Received a gift from Trog
  5959 | Bailey   | Noticed a vault guard
  5967 | Bailey   | Killed a vault guard
  5968 | Bailey   | Reached skill level 10 in Fighting
  6041 | Bailey   | Noticed a vault guard
  6041 | Bailey   | Noticed Prince Ribbit
  6050 | Bailey   | Killed a vault guard
  6055 | Bailey   | Killed Prince Ribbit
  6056 | Bailey   | Reached XP level 11. HP: 70/100 MP: 10/10
  6145 | D:8      | Noticed Maurice
  6156 | D:8      | Killed Maurice
  6300 | D:8      | Noticed Eustachio
  6321 | D:8      | Your ally Eustachio died
  6467 | D:8      | Reached skill level 14 in Axes
  6780 | D:9      | Noticed a soul eater
  7669 | D:10     | Entered Level 10 of the Dungeon
  7740 | D:10     | Identified the +3 leather armour of Joqaim {Drain rF++
                  | Int+5}
  7943 | D:10     | Reached skill level 15 in Axes
  8649 | Lair:1   | Entered Level 1 of the Lair of Beasts
  8653 | Lair:1   | Found a frozen archway.
  8658 | IceCv    | Entered an ice cave
  8817 | IceCv    | Noticed a white ugly thing
  8823 | IceCv    | Killed a white ugly thing
  8999 | IceCv    | Reached XP level 12. HP: 74/110 MP: 11/11
  9183 | Lair:1   | Reached skill level 1 in Stealth
  9236 | Lair:1   | Reached skill level 16 in Axes
  9236 | Lair:1   | Reached XP level 13. HP: 116/116 MP: 12/12
  9551 | Lair:1   | Reached skill level 5 in Stealth
  9710 | Lair:1   | Noticed Sonja
  9716 | Abyss:2  | Found a corrupted altar of Lugonu.
  9716 | Abyss:2  | Cast into level 2 of the Abyss (Sonja)
  9835 | Abyss:2  | Reached skill level 17 in Axes
  9916 | Abyss:2  | Noticed a tentacled starspawn
  9923 | Abyss:2  | Killed a tentacled starspawn
  9944 | Lair:1   | Escaped the Abyss
  9950 | Lair:1   | HP: 4/177 [Sonja/+0 short sword of distortion (5)]
  9950 | Lair:1   | Slain by Sonja

Illustrated notes

Levels and vault maps discovered:
D:1:      dpeg_arrival_lava_altar, layout_loops_ring
D:2:      layout_rooms, chequers_ecumenical_altar_island, basic_altar,
          uniq_natasha
D:3:      cheibrodos_fertilizer, layout_rooms, minmay_misc_feat_doors,
          minmay_diced_spiral, uniq_terence, uniq_robin
D:4:      layout_cave_pools, grunt_temple_overflow_champion_of_chaos,
          jmf_multi_god_temple, minmay_temple_entry_large_hall,
          ebering_ghost_rock_garden, amcnicky_mini_rare_corridor_liquid,
          uniq_duvessa, uniq_grinder
D:5:      layout_rooms, uniq_blork_the_orc
D:6:      wad_guarded_room, layout_cave_pools, overflow_temple_1_default
D:7:      layout_basic
D:8:      layout_gridville, lair_entry_dummy, enter_bailey_3, serial_glass,
          glass_columns_a, glass_columns_c, sword_in_stone, uniq_maurice
D:9:      layout_cave_pods, chequers_serial_rivers_room_a,
          nicolae_kite_square_tiling_tiny
D:10:     layout_basic, chequers_serial_rivers_large_b
Lair:1:   layout_cellular_growth, portal_ice_cave_entry_pillars_1,
          grunt_megastairs_5, uniq_sonja

Skill      XL: |  1  2  3  4  5  6  7  8  9 10 11 12 13 |
---------------+----------------------------------------+-----
Axes           | 4 5 6 7 8 10 12 13 15 16 17 | 17.4
Fighting       | 4 5 6 7 9 10 11 12 | 12.2
Ranged Weapons | 2 4 6 8 10 12 14 | 14.8
Stealth        | 4 6 |  6.0
Evocations     | 2 |  2.6
Armour         | |  2.4
Dodging        | |  2.1

Action                     |  1- 3 |  4- 6 |  7- 9 | 10-12 | 13-15 || total
---------------------------+-------+-------+-------+-------+-------++-------
  Melee: Hand axe          |    87 |    27 |       |       |       ||   114
         Headbutt          |    12 |    20 |    21 |    39 |    10 ||   102
         Halberd           |       |   118 |    75 |     1 |       ||   194
         Battleaxe         |       |       |    65 |   186 |    49 ||   300
         Broad axe         |       |       |       |    33 |       ||    33
   Fire: Sling             |       |    16 |       |       |       ||    16
         Orcbow            |       |       |    65 |   144 |    47 ||   256
  Throw: Dart              |       |     6 |     9 |       |     7 ||    22
         Stone             |       |     2 |       |       |       ||     2
         Javelin           |       |     2 |     3 |       |       ||     5
 Invoke: Berserk           |       |     2 |     8 |     6 |     1 ||    17
         Trog's Hand       |       |     1 |     1 |    12 |     4 ||    18
         Brothers in Arms  |       |       |       |     1 |       ||     1
  Evoke: Wand              |       |       |     3 |     8 |     2 ||    13
    Use: Scroll            |       |     4 |     6 |    15 |     1 ||    26
         Potion            |       |       |       |     2 |       ||     2
   Stab: Distracted        |       |       |     1 |       |       ||     1
 Armour: Scale mail        |    43 |    85 |       |       |       ||   128
         Chain mail        |       |    26 |   104 |   340 |    83 ||   553
         Plate armour      |       |       |    91 |       |       ||    91
  Dodge: Dodged            |    44 |   100 |   108 |   171 |    39 ||   462

Table legend: (Time is in decaauts)
 A = Elapsed time spent in this place.
 B = Non-inter-level travel time spent in this place.
 C = Inter-level travel time spent in this place.
 D = Time resting spent in this place.
 E = Time spent auto-exploring this place.
 F = Levels seen in this place.
 G = Mean time per level.
                   A        B        C        D        E       F      G
               +--------+--------+--------+--------+--------+-----+--------+
         Total |  10299 |   9979 |    320 |   2218 |   5043 |  14 |  735.6 |
       Dungeon |   8603 |   8283 |    320 |   1645 |   4596 |  10 |  860.3 |
          Lair |    616 |    616 |      0 |     61 |    374 |   1 |  616.0 |
         Abyss |    229 |    229 |      0 |     65 |     69 |   1 |  229.0 |
        Bailey |    375 |    375 |      0 |    154 |      0 |   1 |  375.0 |
      Ice Cave |    474 |    474 |      0 |    292 |      4 |   1 |  474.0 |
               +--------+--------+--------+--------+--------+-----+--------+

Top non-repeatable levels by time:
     D:9: 1091 daAuts
     D:6: 1072 daAuts
     D:4: 1028 daAuts
    D:10: 989 daAuts
     D:3: 885 daAuts
     D:2: 770 daAuts
     D:8: 764 daAuts
     D:7: 738 daAuts
     D:1: 683 daAuts
  Lair:1: 616 daAuts
     D:5: 578 daAuts
   IceCv: 474 daAuts
  Bailey: 375 daAuts
 Abyss:2: 229 daAuts
